 Dungeon Crawl Stone Soup version 0.20.1-1-g8b1a95d (webtiles) character file.

116 letownia2 the Grave Robber (level 4, -2/36 HPs)
             Began as a Deep Dwarf Necromancer on Nov 6, 2017.
             Slain by Edmund
             ... wielding a +2 dire flail of protection
              (9 damage)
             ... on level 4 of the Dungeon.
             The game lasted 00:02:37 (592 turns).

letownia2 the Grave Robber (Deep Dwarf Necromancer)  Turns: 592, Time: 00:02:37

Health: -2/36      AC:  3    Str: 11    XL:     4   Next: 69%
Magic:  1/8        EV: 12    Int: 17    God:
Gold:   30         SH:  0    Dex: 13    Spells: 5/9 levels left

rFire    . . .     SeeInvis .   a - +3 falchion
rCold    . . .     Gourm    .   (no shield)
rNeg     . . .     Faith    .   g - +0 leather armour
rPois    .         Spirit   .   (no helmet)
rElec    .         Reflect  .   (no cloak)
rCorr    .         Harm     .   (no gloves)
MR       .....                  (no boots)
Stlth    ++........             (no amulet)
Regen    0.0/turn               (no ring)
MPRegen  0.2/turn               (no ring)

@: non-regenerating
A: damage resistance, heal wounds, sense surroundings 1, no regeneration
a: Heal Wounds


You were on level 4 of the Dungeon.
You were not hungry.

You visited 1 branch of the dungeon, and saw 4 of its levels.

You collected 30 gold pieces.

Inventory:

Hand Weapons
 a - a +3 falchion (weapon)
Armour
 g - a +0 leather armour (worn)
 h - a +0 robe
Wands
 l - a wand of confusion (30/48)
Scrolls
 i - a scroll of enchant armour {unknown}
 j - a scroll of remove curse {unknown}
Potions
 k - a potion of curing {unknown}
Books
 b - a book of Necromancy

   Spells                             Type                      Level
   a - Pain                           Necromancy                   1
   b - Animate Skeleton               Necromancy                   1
   c - Vampiric Draining              Necromancy                   3
   d - Regeneration                   Charms/Necromancy            3
   e - Animate Dead                   Necromancy                   4
   f - Control Undead                 Necromancy                   4
Comestibles
 c - a bread ration


   Skills:
 - Level 2.1 Dodging
 - Level 2.4 Stealth
 - Level 3.0 Spellcasting
 + Level 5.7 Necromancy


You had 5 spell levels left.
You knew the following spells:

 Your Spells              Type           Power        Failure   Level  Hunger
a - Pain                  Necr           ###.         1%          1    None
v - Vampiric Draining     Necr           ###.......   6%          3    ###....


Dungeon Overview and Level Annotations

Branches:
Dungeon (4/15)             Temple (0/1) D:4

Altars:

Portals:
Ossuary: D:4

Annotations:
D:4 Edmund


Innate Abilities, Weirdness & Mutations

You are resistant to damage.
You can heal yourself by infusing magical energy.
You passively map a small area around you.
You do not regenerate.


Message History

Casting: Vampiric Draining
Confirm with . or Enter, or press ? or * to list all spells.
Aiming: Vampiric Draining
Press: ? - help, Shift-Dir - straight line, f/p - Edmund
Aim: Edmund, wielding a dire flail of protection and wearing a scale mail (moderately wounded) Edmund is heavily wounded.
You feel life coursing into your body.
Edmund hits you with a dire flail of protection!
* * * LOW HITPOINT WARNING * * *
Unknown command.
Unknown command.
Casting: Vampiric Draining
Confirm with . or Enter, or press ? or * to list all spells.
Aiming: Vampiric Draining
Press: ? - help, Shift-Dir - straight line, f/p - Edmund
Aim: Edmund, wielding a dire flail of protection and wearing a scale mail (heavily wounded) Edmund is severely wounded.
You feel life coursing into your body.
Edmund hits you with a dire flail of protection!
You die...

#.###.# *,**,,**,* *,,,,,,
#..##.#####.#*>,**,* *,**,**
##.#......h..,,,**,* *,*,,*
..)#.#####...,*,**,*# *,*,**
.#.#.####...,***,,,.###****,*,*
.......>....** **,*...,,,,,,*,*
*
....#####...,*##,,..#********,*
* ..#.# **,,,,#.##.#* **** *
∩...# **,**,#@..# **,* ..#.#
*,***#@### **..# .#..# *,* #.#
**...# ** ....# *,* #.# *,...#
*, ##.## *,* #.# **...# *, #.#
#.####.# *#..# *, #.###
#......# #..# ** #...# ######?#
##.## ###.# #.# ##...#


You could see Edmund.

Vanquished Creatures
  A howler monkey (D:4)
  Ijyb (D:4)
  A worker ant (D:4)
  2 adders (D:4)
  A leopard gecko (D:4)
  A giant cockroach (D:4)
  A goblin (D:3)
  2 hobgoblins
  A frilled lizard (D:4)
  A jackal skeleton (D:4)
  A kobold (D:1)
  A rat (D:2)
14 creatures vanquished.

Notes
Turn   | Place    | Note
-------+----------+-------------------------------------------
     0 | D:1      | letownia2 the Deep Dwarf Necromancer began the quest for the Orb.
     0 | D:1      | Reached XP level 1. HP: 15/15 MP: 3/3
   311 | D:4      | Reached XP level 2. HP: 20/22 MP: 0/5
   358 | D:4      | Found a sand-covered staircase.
   369 | D:4      | Noticed a howler monkey
   390 | D:4      | Killed a howler monkey
   390 | D:4      | Reached skill level 5 in Necromancy
   390 | D:4      | Reached XP level 3. HP: 13/28 MP: 1/7
   395 | D:4      | Learned a level 3 spell: Vampiric Draining
   452 | D:4      | Reached XP level 4. HP: 5/36 MP: 0/8
   479 | D:4      | Noticed Edmund
   501 | D:4      | Found a staircase to the Ecumenical Temple.
   505 | D:4      | Noticed Ijyb
   513 | D:4      | Killed Ijyb
   592 | D:4      | Slain by Edmund

Skill      XL: |  1  2  3 |
---------------+----------+-----
Spellcasting   | 2 3 |  3.0
Necromancy     | 5 |  5.7
Dodging        | |  2.1
Stealth        | |  2.4

Action                   |  1- 3 |  4- 6 || total
-------------------------+-------+-------++-------
Melee: Falchion          |    23 |     6 ||    29
 Cast: Pain              |    19 |       ||    19
       Vampiric Draining |       |     5 ||     5
  Use: Scroll            |       |     3 ||     3
 Stab: Sleeping          |       |     1 ||     1
Armor: Leather armour    |     4 |     4 ||     8
Dodge: Dodged            |    22 |    12 ||    34
       Rpst.: Falchion   |     8 |     4 ||    12
